 Dungeon Crawl Stone Soup version 0.27-a0-1136-g0b992a5a9d (webtiles) character file.

Game seed: 5628919665226898389

17294 robertstho the Cleaver (level 12, 0/113 HPs)
             Began as a Minotaur Berserker on May 3, 2021.
             Was a High Priest of Trog.
             Slain by an orange demon (10 damage)
             ... on level 11 of the Dungeon on May 4, 2021.
             The game lasted 00:16:18 (12958 turns).

robertstho the Cleaver (Minotaur Berserker)        Turns: 12958, Time: 00:16:18

Health: 0/113      AC: 17    Str: 28    XL:     12   Next: 17%
Magic:  3/3        EV:  9    Int:  5    God:    Trog [*****.]
Gold:   1012       SH:  0    Dex: 12    Spells: 11/11 levels left

rFire    + . .     SeeInvis .   G - +5 battleaxe (antimagic)
rCold    x . .     Faith    .   (shield currently unavailable)
rNeg     . . .     Spirit   .   C - +0 plate armour
rPois    .         Reflect  .   (helmet restricted)
rElec    .         Harm     .   (no cloak)
rCorr    +         Rampage  .   (no gloves)
Will     .....                  r - +0 pair of boots "Wewoson" {Str+4}
Stlth    ..........             e - amulet of the acrobat
HPRegen  0.28/turn              B - ring of resist corrosion
MPRegen  0.08/turn              I - ring of fire

@: lethally poisoned (0 -> -24), on berserk cooldown, slowed, very slow
A: horns 2, retaliatory headbutt
a: Renounce Religion, Berserk, Trog's Hand, Brothers in Arms


You were on level 11 of the Dungeon.
You worshipped Trog.
Trog was extremely pleased with you.
You visited 2 branches of the dungeon, and saw 13 of its levels.
You also visited: Ossuary.

You collected 1012 gold pieces.

Inventory:

Hand Weapons
 a - a +1 hand axe
 u - a +0 whip of flaming
 y - a +0 dire flail of protection
 D - a +1 flail of protection
 G - a +5 antimagic battleaxe (weapon)
 M - a +3 scimitar of flaming
Missiles
 l - a curare-tipped dart
 z - 5 throwing nets
Armour
 r - the +0 pair of boots "Wewoson" (worn) {Str+4}
   (You found it on level 6 of the Dungeon)

   It affects your strength (+4).
 C - a +0 plate armour (worn)
 O - a +1 chain mail of cold resistance
Jewellery
 e - an amulet of the acrobat (around neck)
 B - a ring of resist corrosion (left hand)
 I - a ring of fire (right hand)
Wands
 f - a wand of mindburst (9)
 E - a wand of acid (8)
 L - a wand of iceblast (4)
Scrolls
 g - 6 scrolls of teleportation
 j - a scroll of vulnerability {unknown}
 m - 4 scrolls of summoning
 o - a scroll of magic mapping
 q - a scroll of fog
 t - 2 scrolls of enchant weapon
 w - a scroll of holy word
 F - 2 scrolls of silence {unknown}
 H - a scroll of immolation {unknown}
 N - a scroll of blinking {unknown}
Potions
 b - 2 potions of resistance {unknown}
 c - 5 potions of degeneration {unknown}
 d - 2 potions of berserk rage {unknown}
 h - 4 potions of flight {unknown}
 i - 3 potions of attraction
 k - 5 potions of mutation {unknown}
 n - 2 potions of brilliance {unknown}
 p - 8 potions of curing {unknown}
 s - 2 potions of lignification {unknown}
 v - a potion of magic {unknown}
 x - 3 potions of haste
 A - 2 potions of heal wounds


   Skills:
 * Level 12.4 Fighting
 + Level 14.6 Axes
 * Level 13.2 Armour
 + Level 4.7 Dodging
 + Level 1.5 Stealth


You had 11 spell levels left.
You didn't know any spells.
Your spell library was empty.

Dungeon Overview and Level Annotations

Branches:
Dungeon (11/15)            Temple (0/1) D:5             Orc (2/2) D:10
    Elf (0/3) Orc:2       Ossuary (visited)
   Lair: D:8-11

Altars:
Ashenzari
Dithmenos
Okawaru
Qazlal
Ru
Xom
Yredelemnul

Portals:
Trove: D:10 (give +6 demon blade)


Innate Abilities, Weirdness & Mutations

You have a pair of horns on your head.
You reflexively headbutt those who attack you in melee.


Message History

The red devil hits you from afar with a +0 trident.
You feel very sick.
You hit the red devil.
The red devil is lightly wounded.
You feel very sick.
The red devil hops backward while attacking.
The red devil hits you from afar with a +0 trident.
You feel very sick.
You slice the red devil!!
The red devil is almost dead.
You feel very sick.
The red devil hops backward while attacking.
The red devil hits you from afar with a +0 trident.
* * * LOW HITPOINT WARNING * * *
You feel very sick.
You slice the red devil!!
You kill the red devil!
Trog accepts your kill.
You feel very sick. The orange demon stings you from afar!
* * * LOW HITPOINT WARNING * * *
You are lethally poisoned!
The orange demon poisons you!
* * * LOW HITPOINT WARNING * * *
You feel very sick.
You hit the orange demon.
The orange demon is lightly wounded.
* * * LOW HITPOINT WARNING * * *
You feel very sick.
The orange demon stings you but does no damage.
The orange demon hits you but does no damage.
You slash the orange demon!
The orange demon is moderately wounded.
You are no longer berserk.
You are exhausted.
You feel yourself slow down.
* * * LOW HITPOINT WARNING * * *
You feel very sick. The orange demon stings you!
You die...

#.# #.#####.######.##
#.# #.# #.# #.## #.#
#.#####.# #.##
#(######.#.....######.##
#.##............).....##
#.....####...###########
#.##.##).##..#
#.##.#....#..#
#.##.#.@..#..#
#(##.##4.##..#
#.##..#..#...#
#.#..........#
##.#...)).....#
#......#))#...#
........##.##..##.#..
#######.#..#$..$#....
#.#..#)..?# ...


You could see an orange demon.

Vanquished Creatures
  An ogre mage (D:10)
  Harold (D:8)
  Erica (D:10)
  A centaur warrior (D:10)
  4 two-headed ogres
  Urug (D:10)
  Pikel (D:7)
  A cyclops (D:11)
  A gargoyle (D:10)
  2 orange demons (D:11)
  Maggie (D:8)
  A red devil (D:11)
  5 trolls
  A hornet (D:10)
  A meliai zombie (D:10)
  Sigmund (D:3)
  2 shadows (D:10)
  2 vampires
  A wyvern (D:7)
  2 steam dragons
  15 yaks
  A warg (Orc:2)
  An ice beast (D:7)
  4 orc warriors
  3 sky beasts
  2 black bears
  2 ogres
  2 centaurs
  A necrophage (D:6)
  2 phantoms (D:4)
  A kobold brigand (D:4)
  A lemure (D:7)
  8 scorpions
  2 bullfrogs
  2 wyvern zombies
  A water moccasin zombie (D:5)
  A water moccasin skeleton (D:7)
  6 killer bees (D:9)
  2 howler monkeys
  6 centaur zombies
  2 hounds
  4 human zombies (Ossuary)
  3 jellies
  8 orc priests
  A gnoll shaman (D:8)
  A bullfrog skeleton (D:5)
  2 iguanas
  10 orc wizards
  4 scorpion zombies (Ossuary)
  A killer bee zombie (D:7)
  3 mummies (Ossuary)
  7 gnolls
  A howler monkey zombie (D:9)
  7 adders
  A shadow imp (D:4)
  2 ufetubi
  2 worms
  A dart slug (D:1)
  23 orcs
  6 endoplasms
  4 giant cockroaches
  3 gnoll zombies (Ossuary)
  9 goblins
  9 hobgoblins
  4 jackals (D:1)
  8 kobolds
  3 quokkas
  4 ball pythons
  6 bats
  4 frilled lizards
  3 kobold zombies (Ossuary)
  3 orc zombies (Ossuary)
  3 rats
246 creatures vanquished.

Vanquished Creatures (collateral kills)
  An orc warrior (Orc:1)
1 creature vanquished.

Grand Total: 247 creatures vanquished

Notes
Turn   | Place    | Note
-------+----------+-------------------------------------------
     0 | D:1      | robertstho the Minotaur Berserker began the quest for the
                  | Orb.
     0 | D:1      | Reached XP level 1. HP: 19/19 MP: 0/0
   179 | D:1      | Reached XP level 2. HP: 19/27 MP: 1/1
   898 | D:2      | Found a faded altar of an unknown god.
   941 | D:2      | Reached XP level 3. HP: 33/34 MP: 2/2
  1016 | D:2      | Reached ** piety under Trog
  1133 | D:2      | Reached skill level 4 in Axes
  1531 | D:3      | Noticed Sigmund
  1537 | D:3      | Killed Sigmund
  1538 | D:3      | Reached skill level 5 in Fighting
  1538 | D:3      | Reached skill level 5 in Axes
  1538 | D:3      | Reached XP level 4. HP: 42/42 MP: 3/3
  1538 | D:3      | Reached XP level 5. HP: 48/48 MP: 4/4
  1930 | D:3      | Reached XP level 6. HP: 56/57 MP: 5/5
  2574 | D:4      | Reached *** piety under Trog
  2772 | D:4      | Reached skill level 6 in Axes
  2772 | D:4      | Reached skill level 5 in Armour
  2773 | D:4      | Reached XP level 7. HP: 63/63 MP: 6/6
  2882 | D:4      | Found a shadowy altar of Dithmenos.
  3638 | D:5      | Entered Level 5 of the Dungeon
  3649 | D:5      | Reached skill level 7 in Axes
  3702 | D:5      | Found a staircase to the Ecumenical Temple.
  3819 | D:5      | Found a shimmering altar of Xom.
  3888 | D:5      | Reached XP level 8. HP: 49/71 MP: 7/7
  4106 | D:5      | Found a broken altar of Ashenzari.
  4222 | D:6      | Reached skill level 8 in Axes
  4255 | D:6      | Reached skill level 1 in Stealth
  4516 | D:6      | HP: 5/109 [steam dragon/ball of steam (11)]
  4648 | D:6      | Found a sand-covered staircase.
  4653 | Ossuary  | Entered an ossuary
  4757 | Ossuary  | Reached **** piety under Trog
  4889 | Ossuary  | Reached skill level 9 in Axes
  5049 | Ossuary  | Reached XP level 9. HP: 58/81 MP: 8/8
  5411 | Ossuary  | Reached skill level 10 in Axes
  5556 | D:6      | Found a sacrificial altar of Ru.
  6235 | D:6      | Identified the +0 pair of boots "Wewoson" {Str+4}
  6692 | D:7      | Upgraded the game from 0.27-a0-1123-g2f9bb313c0 to
                  | 0.27-a0-1136-g0b992a5a9d
  6757 | D:7      | Noticed Pikel
  6765 | D:7      | Killed Pikel
  6938 | D:7      | Reached skill level 11 in Axes
  7360 | D:7      | Found a stormy altar of Qazlal.
  7750 | D:8      | Reached XP level 10. HP: 91/91 MP: 9/9
  8100 | D:8      | Reached ***** piety under Trog
  8108 | D:8      | Reached skill level 10 in Fighting
  8276 | D:8      | Noticed Harold
  8286 | D:8      | Killed Harold
  8287 | D:8      | Reached skill level 12 in Axes
  8287 | D:8      | Reached skill level 10 in Armour
  8698 | D:8      | Noticed Maggie
  8708 | D:8      | Killed Maggie
  9154 | D:9      | Found an iron altar of Okawaru.
  9159 | D:9      | Received a gift from Trog
  9793 | D:10     | Entered Level 10 of the Dungeon
  9793 | D:10     | Noticed a gargoyle
  9796 | D:10     | Killed a gargoyle
  9797 | D:10     | Reached skill level 13 in Axes
  9949 | D:10     | Found a staircase to the Orcish Mines.
 10054 | D:10     | Reached XP level 11. HP: 80/101 MP: 3/10
 10143 | D:10     | Noticed a two-headed ogre
 10149 | D:10     | Killed a two-headed ogre
 10325 | D:10     | Paralysed by a hornet for 3 turns
 10792 | D:10     | Noticed a centaur warrior
 10800 | D:10     | Killed a centaur warrior
 11272 | D:10     | Found a portal to a secret trove of treasure.
 11304 | D:10     | Noticed an ogre mage
 11311 | D:10     | Killed an ogre mage
 11438 | D:10     | Found a basalt altar of Yredelemnul.
 11577 | D:10     | Noticed Urug
 11583 | D:10     | Reached skill level 14 in Axes
 11588 | D:10     | Killed Urug
 11903 | D:10     | Noticed Erica
 11915 | D:10     | Killed Erica
 12352 | Orc:1    | Entered Level 1 of the Orcish Mines
 12396 | Orc:2    | Entered Level 2 of the Orcish Mines
 12396 | Orc:2    | Found a staircase to the Elven Halls.
 12396 | Orc:2    | Noticed an ogre mage
 12396 | Orc:2    | Noticed a two-headed ogre
 12396 | Orc:2    | Noticed a two-headed ogre
 12397 | Orc:2    | Noticed a two-headed ogre
 12399 | Orc:2    | Noticed a two-headed ogre
 12402 | Orc:2    | Killed a two-headed ogre
 12413 | Orc:1    | Killed a two-headed ogre
 12414 | Orc:1    | Reached XP level 12. HP: 35/112 MP: 3/11
 12773 | D:11     | Noticed a two-headed ogre
 12776 | D:11     | Killed a two-headed ogre
 12958 | D:11     | Slain by an orange demon

Illustrated notes

Levels and vault maps discovered:
D:1:      dpeg_arrival_court, layout_basic
D:2:      layout_basic, hellmonk_ecumenical_altar_arch_garden, minivault_14,
          minmay_increasing_density
D:3:      cheibrodos_pilgrimage, layout_basic, kennysheep_donut,
          chequers_serial_rivers_small_a, uniq_sigmund
D:4:      layout_basic, lemuel_crystal_altar
D:5:      layout_rooms, lemuel_round_altar, ashenzari_altar_1,
          minmay_temple_entry_crystal_x, hangedman_decor_opposing
D:6:      cheibrodos_iron_armory, layout_layer_cave, old_standard_altar,
          enter_ossuary_5
D:7:      layout_gridville, grunt_qazlal_clouds, uniq_pikel
D:8:      minmay_klotski, layout_loops_corners, grunt_ministairs_10,
          uniq_harold, uniq_maggie
D:9:      layout_irregular_city, okawaru_gym_becter, grunt_decor_one_mirror
D:10:     hangedman_cross_stitches, layout_cave_pods, lemuel_doored_altar,
          orc_0_dummy, enter_trove_6, uniq_erica, uniq_urug
D:11:     layout_loops_ring, lair_entry_dummy, minmay_beelzebubs_servants
Orc:1:    layout_diamond_mine
Orc:2:    st_orc_open, layout_caves, mines2_david

Skill      XL: |  1  2  3  4  5  6  7  8  9 10 11 12 |
---------------+-------------------------------------+-----
Fighting       | 4 5 6 7 9 10 12 | 12.4
Axes           | 5 6 7 9 11 13 14 | 14.6
Armour         | 3 4 5 6 7 9 10 12 13 | 13.2
Dodging        | 3 4 |  4.7
Stealth        | 1 |  1.5

Action                   |  1- 3 |  4- 6 |  7- 9 | 10-12 || total
-------------------------+-------+-------+-------+-------++-------
Melee: Hand axe          |    63 |    10 |       |       ||    73
       Headbutt          |    11 |     6 |    45 |    46 ||   108
       Battleaxe         |       |    41 |   219 |   214 ||   474
       Unarmed           |       |       |       |     2 ||     2
Invok: Berserk           |     2 |     2 |     6 |     7 ||    17
       Trog's Hand       |       |       |     1 |     1 ||     2
       Brothers in Arms  |       |       |       |     1 ||     1
Evoke: Wand              |       |       |       |     1 ||     1
  Use: Scroll            |     1 |       |     7 |     2 ||    10
Armor: Animal skin       |     3 |       |       |       ||     3
       Ring mail         |     6 |    22 |    23 |       ||    51
       Scale mail        |       |       |    53 |       ||    53
       Chain mail        |       |       |    28 |     2 ||    30
       Plate armour      |       |       |       |   121 ||   121
Dodge: Dodged            |    42 |    39 |   166 |   132 ||   379

Table legend: (Time is in decaauts)
 A = Elapsed time spent in this place.
 B = Non-inter-level travel time spent in this place.
 C = Inter-level travel time spent in this place.
 D = Time resting spent in this place.
 E = Time spent auto-exploring this place.
 F = Levels seen in this place.
 G = Mean time per level.
                   A        B        C        D        E       F      G
               +--------+--------+--------+--------+--------+-----+--------+
         Total |  13215 |  12645 |    570 |   1502 |   9507 |  14 |  943.9 |
       Dungeon |  11996 |  11440 |    556 |   1085 |   8954 |  11 | 1090.5 |
  Orcish Mines |    379 |    365 |     14 |    297 |     40 |   2 |  189.5 |
       Ossuary |    838 |    838 |      0 |    120 |    513 |   1 |  838.0 |
               +--------+--------+--------+--------+--------+-----+--------+

Top non-repeatable levels by time:
    D:10: 2037 daAuts
     D:6: 1704 daAuts
     D:9: 1355 daAuts
     D:8: 1329 daAuts
     D:3: 1212 daAuts
     D:7: 1072 daAuts
     D:4: 1041 daAuts
     D:1: 855 daAuts
 Ossuary: 838 daAuts
     D:2: 617 daAuts
     D:5: 570 daAuts
   Orc:1: 368 daAuts
    D:11: 201 daAuts
   Orc:2: 11 daAuts
